 Dungeon Crawl Stone Soup version 0.28.0-53-g5a82cb258f (webtiles) character file.

Game seed: 2196049270952966410

95 moldycheese5 the Skirmisher (level 4, 0/35 HPs)
             Began as a Demonspawn Abyssal Knight on June 17, 2022.
             Was a Follower of Lugonu.
             Slain by Ijyb
             ... wielding a +0 dagger
              (3 damage)
             ... on level 3 of the Dungeon.
             The game lasted 00:02:01 (2282 turns).

moldycheese5 the Skirmisher (DsAK)                  Turns: 2282, Time: 00:02:01

Health: 0/35       AC:  5    Str: 16    XL:     4   Next: 39%
Magic:  6/6        EV: 10    Int: 11    God:    Lugonu [*.....]
Gold:   88         SH:  4    Dex: 13    Spells: 3/3 levels left

rFire   . . .      SeeInvis .   a - +1 falchion
rCold   . . .      Faith    .   (no shield)
rNeg    . . .      Spirit   .   f - +0 ring mail
rPois   .          Reflect  .   (no helmet)
rElec   .          Harm     .   (no cloak)
rCorr   .          Rampage  .   (no gloves)
Will    .....                   (no boots)
Stlth   +.........              (no amulet)
HPRegen 0.11/turn               (no ring)
MPRegen 0.10/turn               (no ring)

@: no status effects
A: claws 1, condensation shield
a: Renounce Religion, Depart the Abyss


You were on level 3 of the Dungeon.
You worshipped Lugonu.
Lugonu was aware of your devotion.
You visited 1 branch of the dungeon, and saw 3 of its levels.
You visited the Abyss 1 time.

You collected 88 gold pieces.

Inventory:

Hand Weapons
 a - a +1 falchion (weapon)
Armour
 b - a +0 leather armour
 f - a +0 ring mail (worn)
Scrolls
 c - a scroll of identify {unknown}
 d - a scroll of enchant armour {unknown}
 g - 3 scrolls of vulnerability {unknown}
Potions
 e - a potion of cancellation {unknown}
 h - a potion of curing {unknown}


   Skills:
 + Level 3.3 Fighting
 + Level 3.0 Long Blades
 + Level 2.6 Armour
 + Level 1.1 Dodging
 + Level 0.2 Shields
 + Level 3.0 Invocations


You had 3 spell levels left.
You didn't know any spells.
Your spell library contained the following spells:

 Spells                   Type           Power      Damage    Failure   Level
 Freeze                   Ice            0%         1d3       54%         1
 Static Discharge         Conj/Air       0%         N/A       69%         2
 Frozen Ramparts          Ice            0%         1d2       89%         3
 Hailstorm                Conj/Ice       0%         3d3       100%        4
 Lightning Bolt           Conj/Air       0%         1d11      100%        5
 Maxwell's Capacitive Co  Air            0%         ∞         100%        8


Dungeon Overview and Level Annotations

Branches:
Dungeon (3/15)

Altars:
The Shining One

Annotations:
D:3 Ijyb


Innate Abilities, Weirdness & Mutations

You have sharp fingernails.
A meltable shield of frost defends you. (SH +4)


Message History

You block the bat's attack. The orc hits you with a +0 club.
You have reached level 4!
You feel stronger.
You hit the orc but do no damage. The bat closely misses you.
The bat hits you but does no damage.
Jessica mumbles some strange words.
Jessica blinks!
The orc barely misses you.
Ijyb the Twisted Goblin comes into view.
She is wielding a +0 dagger and carrying a wand of iceblast (3).
You barely miss the orc.
Ijyb shouts!
The bat hits you but does no damage. The orc barely misses you.
You block the bat's attack.
You closely miss the orc. You block the bat's attack.
The orc hits you but does no damage. The bat hits you but does no damage.
The orc hits you but does no damage.
You closely miss Jessica. The bat closely misses you.
You block Jessica's attack. The orc hits you but does no damage.
You hit Jessica.
Jessica is moderately wounded.
You block the bat's attack. The bat hits you.
Jessica hits you but does no damage. Jessica hits you with a +0 club.
The orc closely misses you.
You barely miss Jessica.
Jessica is moderately wounded.
The bat hits you but does no damage. Jessica gestures at you while chanting.
You barely resist. The orc hits you with a +0 club.
Ijyb grins evilly.
Jessica casts a spell at you. Pain shoots through your body!
* * * LOW HITPOINT WARNING * * *
You slash Jessica!
You kill Jessica!
Lugonu accepts your kill. The bat hits you but does no damage.
The orc hits you with a +0 club.
* * * LOW HITPOINT WARNING * * *
The bat hits you but does no damage. You block the bat's attack.
The bat hits you but does no damage. The orc barely misses you.
The bat misses you. Ijyb hits you with a +0 dagger.
You die...

..........
.........
#....$.##.
#..........
#..<...##.#
#.))......
#..###.#### #
#go........ .#
#@b.##.#####.#
#....#........
#.#........#
#<.........+
#.#........##
#.#.........#
#.........#.#
#...#####.# #
#.#######.#.#..#


You could see Ijyb, an orc and a bat.

Vanquished Creatures
  Jessica (D:3)
  A gnoll (D:1)
  2 adders (D:2)
  A worm (D:2)
  A dart slug (D:2)
  2 orcs (D:3)
  3 bats
  3 endoplasms
  2 giant cockroaches
  4 goblins
  3 hobgoblins
  2 quokkas
  3 ball pythons
  3 frilled lizards
  3 kobolds
  A rat (D:1)
35 creatures vanquished.

Notes
Turn   | Place    | Note
-------+----------+-------------------------------------------
     0 | Abyss:1  | moldycheese5 the Demonspawn Abyssal Knight began the quest
                  | for the Orb.
     0 | Abyss:1  | Reached XP level 1. HP: 18/18 MP: 2/2
     0 | D:1      | Escaped the Abyss
   403 | D:1      | Gained mutation: You have sharp fingernails. [demonic
                  | ancestry]
   403 | D:1      | Reached XP level 2. HP: 16/24 MP: 3/3
  1223 | D:2      | Reached * piety under Lugonu
  1340 | D:2      | Gained mutation: A meltable shield of frost defends you.
                  | (SH +4) [demonic ancestry]
  1340 | D:2      | Reached XP level 3. HP: 29/29 MP: 4/4
  1683 | D:2      | Reached skill level 1 in Dodging
  2266 | D:3      | Noticed Jessica
  2273 | D:3      | Reached XP level 4. HP: 27/35 MP: 6/6
  2273 | D:3      | Noticed Ijyb
  2279 | D:3      | Killed Jessica
  2282 | D:3      | Slain by Ijyb

Illustrated notes

Levels and vault maps discovered:
D:1:      dpeg_arrival_tiny_j, layout_loops_corners, minmay_misc_feat_columns
D:2:      layout_basic, basic_altar
D:3:      layout_basic, zin_statuary, lightli_temple_of_fire,
          hellmonk_ecumenical_altar_pennies_from_heaven, uniq_ijyb,
          uniq_jessica, uniq_terence

Skill      XL: |  1  2  3 |
---------------+----------+-----
Long Blades    | 2 3 |  3.0
Invocations    | 3 |  3.0
Dodging        | 1 |  1.1
Armour         | 2 |  2.6
Fighting       | |  3.3
Shields        | |  0.2

Action                   |  1- 3 |  4- 6 || total
-------------------------+-------+-------++-------
Melee: Falchion          |   109 |     7 ||   116
Invok: Depart the Abyss  |     1 |       ||     1
Armor: Leather armour    |     7 |       ||     7
       Ring mail         |    38 |    11 ||    49
Dodge: Dodged            |    65 |     7 ||    72
Block: Other             |    18 |     5 ||    23
